Unix NetHack Version 5.0.0-0 post-release - last build Jun 10 2026 00:39:30 (3ee93aec679c4c4259841fe613dc97188e26a321,branch:main).

Game began 2026-06-16 14:40:55, ended 2026-06-16 20:18:01.

CyberFan, lawful female dwarven Archeologist

                            |#d#####*#######                       ------
                            |              ########################-.(((|
                                                               ####|.+?(|
                                                               #   |.(..|
                                                               #   |.(((|
                                                               #   |.(((|
                                                              ##   ------
                                                     #####    #
                                                        -*--- #
                                                        |...|##
                                                        |...-#
                                                        |...|
                                                        |<..|
                                                        -----

CyberFan the Field Worker  St:15 Dx:9 Co:16 In:15 Wi:12 Ch:9  Lawful
Dlvl:4  $:1206 HP:0(40) Pw:23(23) AC:6  Xp:4/159 T:2762 

Latest messages:
 You see here a chest (for sale, 421 zorkmids).
 In what direction?
 Hmmm, the chest turns out to be locked.
 Unlock it with your lock pick? [ynq] (q)
 You succeed in picking the lock.
 In what direction?
 The dark green spellbook will cost you 400 zorkmids.
 z - a dark green spellbook (unpaid, 400 zorkmids).
 What do you want to drop? [$a-df-mo-rvwzA-DM-OQRU-Y or ?*]
 You drop a dark green spellbook (unpaid, 400 zorkmids).
 The dog picks up a sack.
 You see here an uncursed +0 pick-axe.
 e - an uncursed +0 pick-axe.
 What do you want to wield? [- ae or ?*]
 e - an uncursed +0 pick-axe (weapon in left hand).
 With great effort you move the boulder.
 You hear a monster behind the boulder.
 Perhaps that's why you cannot move it.
 You hear a monster behind the boulder.
 Perhaps that's why you cannot move it.
 What do you want to use or apply? [ae-hvwCDUW or ?*]
 In what direction do you want to dig? [hykunjb>]
 You start hitting the boulder.
 You hit the boulder with all your might.
 The boulder falls apart.
 You see here 42 rocks.
 The gecko bites!
 You miss the gecko.
 You miss the gecko.
 You hit the gecko.
 The gecko bites!
 You hit the gecko!
 You miss the gecko.
 You kill the gecko!
 The hill orc hits!
 You hit the hill orc.
 The hill orc wields a curved sword!
 You see here 42 rocks.
 You hear a gurgling noise.
 You see here 42 rocks.
 The hill orc swings her curved sword.
 The hill orc hits!
 The hill orc swings her curved sword.
 The hill orc hits!
 What do you want to zap? [vCDW or ?*]
 In what direction?
 You kill the hill orc!
 You kill the hill orc!
 The bolt of cold hits you!
 You die...

Inventory:
 Coins    ('$')
  $ - 1206 gold pieces
 Weapons  (')')
  a - an uncursed +2 bullwhip
 Armor    ('[')
  c - a blessed +0 fedora
  k - an uncursed +0 orcish helm (being worn)
  M - an uncursed +0 pair of iron shoes (being worn)
  V - an uncursed +0 dwarvish cloak (being worn)
  b - an uncursed +0 leather jacket (being worn)
 Comestibles  ('%')
  d - 8 uncursed food rations
  A - 2 uncursed lembas wafers
 Scrolls  ('?')
  N - a blessed scroll of blank paper
  O - an uncursed scroll of blank paper
  q - an uncursed scroll of enchant armor
  p - a cursed scroll of enchant weapon
  i - an uncursed scroll of food detection
 Potions  ('!')
  r - an uncursed potion of gain energy
  B - an uncursed potion of gain level
  m - an uncursed potion of oil
  l - an uncursed potion of speed
 Rings    ('=')
  j - an uncursed ring of polymorph control
  Q - an uncursed ring of see invisible
  R - an uncursed ring of sustain ability
 Wands    ('/')
  D - an uncursed wand of cold (0:0)
  v - an uncursed wand of locking (0:7)
  C - an uncursed wand of polymorph (0:6)
  W - an uncursed wand of slow monster (0:3)
 Tools    ('(')
  h - an empty uncursed sack
  w - an uncursed lock pick
  U - an uncursed oil lamp
  e - an uncursed +0 pick-axe (weapon in left hand)
  f - an uncursed tinning kit (0:87)
 Gems/Stones  ('*')
  o - an uncursed garnet stone
  X - an uncursed worthless piece of orange glass
  Y - an uncursed worthless piece of red glass
  g - an uncursed touchstone

CyberFan the Archeologist's attributes:

Background:
 You were a Field Worker, a level 4 female dwarven Archeologist.
 You were lawful, on a mission for Quetzalcoatl
 who was opposed by Camaxtli (neutral) and Huhetotl (chaotic).
 You were left-handed.
 You were in the Dungeons of Doom, on level 4.
 You entered the dungeon 2762 turns ago.
 There was a new moon in effect when your adventure ended.
 You had 159 experience points, 1 more was needed to attain level 5.

Basics:
 You had 0 out of 40 hit points.
 You had all 23 energy points (spell power).
 Your armor class was 6.
 Your wallet contained 1206 zorkmids.
 Autopickup was on for '$%?!"=/*' plus thrown, with exceptions.

Final Characteristics:
 Your strength was 15 (limit:18/100).
 Your dexterity was 9 (limit:20).
 Your constitution was 16 (limit:20).
 Your intelligence was 15 (limit:16).
 Your wisdom was 12 (limit:16).
 Your charisma was 9 (limit:16).

Final Status:
 You weren't hungry.
 You were unencumbered.
 You were wielding a pick-axe.
 You had basic skill with pick-axe.

Final Attributes:
 You were piously aligned.
 Your items were somewhat protected from fire.
 Your items were somewhat protected from cold.
 You had automatic searching.
 You had infravision.
 You were warded.
 You were fast.
 You are dead.

Miscellaneous:
 You disabled loading and storing of bones levels.
 Total elapsed playing time was 20 minutes and 59 seconds.

Major events:
 Turn
    1: CyberFan the lawful female dwarven Archeologist entered the dungeon
  925: attained the rank of Field Worker (level 3)
 1284: entered the Gnomish Mines
 1339: reached Mine Town
 2762: killed by a bolt of cold zapped by herself

Spells:
 Name                 Level Category     Fail Retention
 polymorph              6   matter       100%  76%-100%
 force bolt             1   attack        50%  76%-100%
 jumping                1   escape        50%  76%-100%

Skills:
 Fighting Skills
   bare handed combat [Unskilled]
   two weapon combat  [Unskilled]
   riding             [Unskilled]
 Weapon Skills
   dagger             [Unskilled]
   knife              [Unskilled]
   pick-axe           [Basic]
   short sword        [Unskilled]
   saber              [Unskilled]
   club               [Unskilled]
   quarterstaff       [Unskilled]
   sling              [Unskilled]
   dart               [Unskilled]
   boomerang          [Unskilled]
   whip               [Basic]
   unicorn horn       [Unskilled]
 Spellcasting Skills
   attack spells      [Unskilled]
   healing spells     [Unskilled]
   divination spells  [Unskilled]
   matter spells      [Unskilled]

Voluntary challenges:
 Character rerolling was not enabled.
 You never genocided any monsters.
 You never polymorphed an object.
 You never changed form.
 You used no wishes.
Achievements:
 You entered a shop.
 You attained the rank of Field Worker.
 You entered the Gnomish Mines.
 You entered Minetown.
 You entered a temple.

 The Dungeons of Doom: levels 1 to 4
    Level 1:
       Some fountains, a sink.
    Level 2:
       A scroll shop, many altars, a fountain.
    Level 3:
       Stairs down to The Gnomish Mines.
    Level 4: <- You were here.
       A tool shop.
       Final resting place for
          you, killed by a bolt of cold zapped by yourself.
 The Gnomish Mines: levels 4 to 7
    Level 4:
    Level 5:
    Level 6:
       Many shops, a temple and an altar, some fountains.
    Level 7:


Vanquished creatures:
  a small mimic
  2 gnome leaders
  a kobold mummy
  a paper golem
  a dwarf
  2 homunculi
  2 hill orcs
  a giant bat
 an iguana
  3 coyotes
  3 hobbits
  3 manes
  a large kobold
  2 giant rats
  8 gnomes
  3 geckos
  3 jackals
  a fox
  4 kobolds
  2 goblins
  5 grid bugs
  a bat
  a lichen
  9 newts
61 creatures vanquished.

No species were genocided or became extinct.

Game over:
                       ----------
                      /          \
                     /    REST    \
                    /      IN      \
                   /     PEACE      \
                  /                  \
                  |     CyberFan     |
                  |     1206 Au      |
                  | killed by a bolt |
                  |  of cold zapped  |
                  |    by herself    |
                  |                  |
                  |       2026       |
                 *|     *  *  *      | *
        _________)/\\_//(\/(/\)/\//\/|_)_______

Goodbye CyberFan the Archeologist...

You died in The Dungeons of Doom on dungeon level 4 with 2052 points,
and 1206 pieces of gold, after 2762 moves.
You were level 4 with a maximum of 40 hit points when you died.

